Map: Mist Opportunities

Players

Pain

  • Race: Terran Terran
  • Spawn Location: 6:00

MethodOfCtrl

  • Race: Zerg Zerg

VOD

Have the link to the VOD?

Description

Time

  • Played on: March 13, 2018, 1:24 p.m.
  • Length: 29:26
Show
View Real Time Build Order
Export as new Build Order

Pain Terran 

Build Orders:  

Get SALT Encoding   

  12  0:16  SCV  
  13  0:33  SCV  
  14  0:50  SCV  
  15  1:20  Supply Depot  
  15  1:39  Barracks  
  15  1:50  SCV  
  16  2:07  SCV  
  17  2:24  SCV  
  17  2:29  Refinery  
  18  2:33  Marine  
  19  2:40  SCV  
  19  2:46  Marine  
  21  2:57  SCV  
  21  2:58  Marine  
  23  3:23  Supply Depot  
  23  3:53  SCV  
  23  3:58  Barracks Reactor  
  24  4:04  Supply Depot  
  24  4:10  SCV  
  25  4:27  SCV, Engineering Bay  
  26  4:37  Supply Depot  
  26  4:44  SCV  
  27  5:01  SCV  
  28  5:24  Terran Infantry Weapons Level 1  
  28  5:27  Marine x2  
  30  5:39  Marine x2  
  32  5:52  Marine x2  
  34  6:04  Marine x2  
  36  6:16  Marine  
  36  6:17  Marine  
  38  6:26  SCV  
  38  6:29  Marine x2  
  41  6:41  Marine x2  
  41  6:43  SCV  
  44  6:54  Marine x2  
  46  7:00  SCV  
  46  7:07  Barracks  
  47  7:29  Supply Depot  
  47  7:47  Barracks  
  47  7:58  Marine  
  47  7:59  SCV  
  49  8:02  Supply Depot, Marine x2  
  49  8:04  Terran Infantry Armor Level 1  
  51  8:11  Marine  
  51  8:15  Marine x2  
  51  8:16  SCV  
  55  8:32  Marine x3  
  55  8:34  Supply Depot  
  58  8:44  Marine x3  
  61  8:57  Marine x2  
  63  9:04  Marine  
  63  9:09  Marine x2  
  66  9:21  Marine x2  
  68  9:34  Marine x2  
  69  9:46  Marine x2  
  65  11:04  Marine x2  
  67  11:16  Marine x2  
  67  11:19  Factory  
  69  11:29  Marine x2  
  71  11:52  Supply Depot  
  71  12:16  Marine  
  71  12:21  Marine x2  
  71  12:24  Supply Depot  
  71  12:29  Marine  
  74  12:34  Marine x2  
  76  12:41  Marine  
  76  12:46  Marine x2  
  79  12:54  Marine  
  79  12:57  Supply Depot  
  80  13:06  Marine  
  80  13:08  Orbital Command  
  81  13:32  Supply Depot  
  77  14:13  Marine x3  
  75  14:25  Marine  
  75  14:26  Marine x2  
  78  14:38  Marine x3  
  70  14:50  Marine  
  70  14:51  Marine x2  
  72  15:03  Marine x3  
  75  15:15  Marine x2  
  75  15:16  Marine  
  78  15:20  Armory  
  78  15:28  Marine x3  
  81  15:40  Marine x2  
  81  15:41  Marine  
  84  15:52  Marine  
  84  15:53  Marine x2  
  87  16:05  Marine  
  88  16:34  Marine x2  
  88  16:35  Marine  
  91  16:41  Terran Infantry Weapons Level 2  
  91  16:47  Marine x3  
  94  16:57  Barracks Reactor  
  94  16:59  Marine x2  
  103  17:00  Marine  
  97  17:12  Marine x3  
  100  17:24  Marine  
  101  17:33  Marine x2  
  103  18:10  Supply Depot  
  103  18:39  Marine x3  
  103  18:42  Supply Depot  
  106  18:52  Marine x3  
  106  18:53  Marine  
  106  18:54  Marine  
  111  19:04  Marine x2  
  111  19:06  Marine x2  
  111  19:08  Marine  
  108  19:14  Supply Depot  
  108  19:16  Marine x2  
  108  19:18  Marine  
  108  19:19  Marine  
  100  19:20  Marine  
  100  19:29  Marine x2  
  101  19:30  Marine  
  101  19:31  Marine  
  101  19:32  Marine  
  101  19:41  Marine  
  101  19:46  Supply Depot  
  101  19:51  Terran Infantry Armor Level 2  
  94  20:15  Marine x3  
  94  20:16  Marine x2  
  91  20:28  Marine x5  
  90  20:40  Marine x4  
  90  20:41  Marine  
  91  20:52  Marine  
  91  20:53  Marine x4  
  80  21:41  Marine x3  
  80  21:42  Marine x2  
  85  21:54  Marine x5  
  90  22:06  Marine x4  
  90  22:07  Marine  
  95  22:19  Marine x3  
  98  22:31  Marine x5  
  103  22:43  Marine  
  103  22:44  Marine x4  
  103  22:47  Starport  
  108  22:56  Marine x5  
  113  23:01  Terran Infantry Weapons Level 3  
  113  23:08  Marine x2  
  113  23:09  Marine x3  
  118  23:21  Marine x5  
  123  23:33  Marine x3  
  123  23:34  Marine x2  
  123  23:38  Starport  
  128  23:46  Marine x5  
  133  23:58  Marine x2  
  135  24:08  Supply Depot  
  135  24:37  Marine x5  
  140  24:42  Supply Depot  
  140  24:50  Marine x3  
  143  25:11  Marine x5  
  143  25:15  Supply Depot  
  148  25:22  Viking  
  148  25:24  Marine  
  151  25:44  Marine x5  
  151  25:45  Viking  
  151  25:48  Supply Depot  
  158  25:56  Marine  
  159  26:17  Marine x5  
  160  26:30  Marine x5  
  166  26:42  Marine  
  166  26:48  Marine x2  
  167  26:52  Marine  
  158  27:00  Marine  
  158  27:04  Marine x2  
  158  27:05  Marine x2  
  163  27:13  Marine  
  163  27:17  Marine x4  
  166  27:25  Marine  
  166  27:29  Marine  
  167  28:21  Supply Depot  
  167  28:33  Marine x3  
  167  28:34  Marine x2  
  153  28:45  Marine x3  
  153  28:46  Marine  
  153  28:47  Marine  
  142  28:53  Supply Depot  
  142  28:57  Marine  
  142  28:58  Marine x2  
Show
View Real Time Build Order
Export as new Build Order

MethodOfCtrl Zerg 

Build Orders:  

Get SALT Encoding   

  12  0:04  Infested SCV  
  13  0:12  Infested SCV  
  14  0:25  Infested SCV  
  15  0:57  Overlord  
  15  1:12  Infested Barracks  
  15  1:22  Overlord  
  15  1:38  Infested Engineering Bay, Infested SCV  
  15  1:39  Infested SCV  
  17  1:40  Infested SCV  
  18  1:50  Infested Refinery  
  18  1:56  Infested Refinery, Infested SCV x2  
  20  2:10  Infested SCV  
  21  2:43  Infestation Level 1  
  21  2:49  Infested SCV  
  22  2:53  Infested SCV  
  22  2:57  Infested SCV  
  24  3:05  Infested Marine  
  24  3:07  Infested Marine  
  24  3:08  Infested Marine  
  27  3:11  Infested Marine x2  
  27  3:13  Infested Marine  
  30  3:20  Infested Barracks Tech Lab  
  30  3:52  Overlord  
  30  3:53  Overlord  
  30  4:16  Stukov Infantry Weapons Level 1  
  30  4:33  Infested Marine  
  30  4:34  Infested Marine x2  
  30  4:36  Overlord  
  27  5:05  Infested Marine  
  27  5:06  Infested Marine x3  
  27  5:07  Infested Marine x3  
  27  5:08  Infested Marine  
  35  5:13  Infestation Level 2  
  35  5:20  Overlord  
  35  5:52  Overlord  
  35  5:55  Infested Marine  
  35  5:56  Infested Marine x2  
  38  6:10  Infested Factory  
  38  6:16  Infested Marine  
  38  6:17  Infested Marine x3  
  38  6:18  Infested Marine  
  32  6:56  Stukov Infantry Armor Level 1  
  32  7:24  Infested Marine x4  
  32  7:26  Overlord  
  28  9:01  Infested Factory Tech Lab  
  28  9:07  Infested Armory  
  24  9:13  Anaerobic Enhancement  
  24  9:17  Infested Marine x4  
  24  9:18  Infested Marine x4  
  24  9:19  Infested Marine x2  
  34  10:22  Infested Siege Tank  
  34  10:23  Infested Siege Tank x2  
  34  10:24  Infested Siege Tank  
  34  10:27  Overlord x2  
  34  10:28  Overlord x2  
  46  10:30  Infested Siege Tank  
  49  10:55  Infested Command Center  
  39  11:33  Stukov Infantry Weapons Level 2  
  39  13:25  Stukov Vehicle and Ship Weapons Level 1  
  39  13:30  Automated Mitosis  
  39  14:52  Infested Starport  
  39  14:57  Infested Siege Tank  
  39  14:58  Infested Siege Tank x4  
  54  15:01  Stukov Infantry Weapons Level 3  
  54  15:50  Infested Bunker  
  54  15:52  Infested SCV  
  54  15:53  Infested SCV x3  
  54  15:56  Infested SCV  
  54  15:59  Infested SCV  
  64  16:01  Overlord x4  
  64  16:05  Stukov Vehicle and Ship Armor Level 1  
  53  17:46  Infested Starport Tech Lab  
  53  17:52  Infested Siege Tank  
  53  17:53  Infested Siege Tank x2  
  53  17:58  Infested Marine x2  
  53  17:59  Infested Marine x2  
  66  18:12  Infested Refinery  
  66  18:17  Infested Refinery, Infested SCV x2  
  66  18:18  Infested SCV x2  
  66  18:19  Infested SCV  
  71  18:31  Infested Missile Turret  
  71  18:34  Infested SCV  
  72  18:41  Stukov Infantry Armor Level 2  
  72  19:04  Infested Banshee x2  
  72  19:05  Infested Banshee  
  72  19:06  Infested Liberator  
  71  20:23  Infested Marine  
  71  20:24  Infested Marine x4  
  71  20:28  Infested Siege Tank x2  
  71  20:29  Infested Siege Tank x3  
  82  20:50  Infested SCV  
  82  20:51  Infested SCV x2  
  80  22:23  Infested Banshee x2  
  80  22:24  Infested Liberator x2  
  80  22:25  Infested Banshee  
  95  22:34  Stukov Vehicle and Ship Weapons Level 2  
  95  24:21  Unknown x3  
  92  24:34  Unknown  
  92  25:03  Unknown x2  
  92  25:23  Infested Banshee x2  
  92  25:25  Infested Banshee, Infested Liberator  
  92  25:26  Infested Liberator  
  107  25:31  Infested Siege Tank x3  
  116  25:44  Stukov Vehicle and Ship Armor Level 2  
  104  28:22  Infested Banshee  
  104  28:23  Infested Banshee x2  
  113  28:41  Unknown  
Tags
 
Commander
RaynorStukov
Matchup
Co-op
Replay Pack
RP
Add a new tag
Caveats
  • Supply blocks, unpowered buildings, or Contaminate may cause inaccurate times.
  • Supply counts are checked every 10 seconds.